 Dungeon Crawl Stone Soup version 0.30-a0-760-g5a9884bb7c (webtiles) character file.

Game seed: 5967898657771340392

35 Ge0ff the Chopper (level 3, 0/46 HPs)
             Began as a Minotaur Warper on Feb 11, 2023.
             Slain by a goblin
             ... wielding a +2 dagger of electrocution
             ... led by Robin
              (8 damage)
             ... on level 2 of the Dungeon.
             The game lasted 00:02:01 (989 turns).

Ge0ff the Chopper (Minotaur Warper)                  Turns: 989, Time: 00:02:02

Health: 0/46       AC: 25    Str: 17    XL:     3   Next: 17%
Magic:  4/4        EV:  2    Int: 10    God:
Gold:   41         SH:  0    Dex:  9    Spells: 4/4 levels left

rFire   . . .      SeeInvis .    a - +0 hand axe
rCold   . . .      Faith    .    (no shield)
rNeg    + . .      Spirit   .    (body armour currently unavailable)
rPois   +          Reflect  .    (helmet currently unavailable)
rElec   .          Harm     .    (cloak currently unavailable)
rCorr   .          Rampage  .    (gloves currently unavailable)
Will    .....      NoTele   +    (boots currently unavailable)
Stlth   +                        (no amulet)
HPRegen 0.27/turn                E - +4 ring of protection {=R}
MPRegen 0.09/turn                H - ring of positive energy

@: brilliant, tree-form
A: stationary, stasis, torment immunity, boosted hp, (horns 2), (retaliatory
headbutt)
a: no special abilities


You were on level 2 of the Dungeon.
You were a tree.
You visited 1 branch of the dungeon, and saw 2 of its levels.

You collected 41 gold pieces.

Inventory:

Hand Weapons
 a - a +0 hand axe (weapon)
 b - a +2 dagger of venom
Missiles
 d - 4 boomerangs of dispersal (quivered)
 I - 4 silver javelins
 J - 4 stones
Armour
 K - a +0 leather armour (melded)
Jewellery
 E - a +4 ring of protection (left branch) {=R}
 G - a +6 ring of intelligence
 H - a ring of positive energy (right branch)
Scrolls
 B - a scroll of blinking


   Skills:
 + Level 3.2 Fighting
 * Level 3.9 Axes
 - Level 1.0 Throwing
 - Level 1.2 Armour
 - Level 2.1 Dodging
 - Level 1.3 Spellcasting
 - Level 2.1 Translocations


You had 4 spell levels left.
You didn't know any spells.
Your spell library contained the following spells:

 Spells                   Type           Power      Damage    Failure   Level
 Blink                    Tloc           14%        N/A       21%         2
 Lesser Beckoning         Tloc           14%        N/A       21%         2
 Teleport Other           Tloc           7%         N/A       38%         3
 Vhi's Electric Charge    Tloc/Air       8%         N/A       54%         3
 Manifold Assault         Tloc           7%         N/A       80%         4


Dungeon Overview and Level Annotations

Branches:
Dungeon (2/15) Zot: 11005

Altars:

Annotations:
D:2 Robin


Innate Abilities, Weirdness & Mutations

You are a tree.
Your roots penetrate the ground, keeping you stationary.
You cannot be teleported.
You are immune to unholy pain and torment.
Your maximum health is greatly increased.
Your equipment is partially melded.
((You have a pair of horns on your head.))
((You reflexively headbutt those who attack you in melee.))


Message History

You are too injured to fight recklessly!
The goblin shouts!
You hit the hobgoblin.
The hobgoblin is heavily wounded.
You barely miss the hobgoblin. You closely miss the goblin.
Robin hits you but does no damage.
The hobgoblin hits you but does no damage.
The goblin hits you but does no damage. The hobgoblin hits you.
Robin hits you but does no damage. Space warps horribly around you!
* * * LOW HITPOINT WARNING * * *
The hobgoblin hits you but does no damage. x2
The goblin hits you but does no damage.
You hit the hobgoblin but do no damage.
The hobgoblin is moderately wounded.
You hit the hobgoblin but do no damage. You barely miss the goblin.
The goblin hits you but does no damage.
The hobgoblin hits you but does no damage. x2
Robin throws the goblin at you! The goblin hits you but does no damage.
Press: ? - help, v - describe, . - travel
Here: Robin, wielding a +3 spear of distortion, wearing a +0 animal skin and wearing a +0 helmet The floor.
Unknown command.
Unknown command.
You hit the hobgoblin but do no damage. You hit the goblin.
You kill the goblin!
You hit the hobgoblin. You closely miss the goblin.
You hit the hobgoblin but do no damage.
The hobgoblin hits you but does no damage.
Robin roars a battlecry!
The goblins go into a battle-frenzy!
The goblin hits you with a +2 dagger of electrocution.
* * * LOW HITPOINT WARNING * * *
The hobgoblin hits you but does no damage.
You hit the hobgoblin but do no damage. You closely miss the hobgoblin.
You completely miss the goblin. You hit the hobgoblin.
The hobgoblin hits you but does no damage.
The goblin completely misses you. Robin hits you but does no damage.
The hobgoblin hits you.
* * * LOW HITPOINT WARNING * * *
The hobgoblin barely misses you.
You hit the hobgoblin.
The hobgoblin is moderately wounded.
You hit the hobgoblin.
You kill the hobgoblin!
You closely miss the goblin. You hit the hobgoblin but do no damage.
Robin throws the goblin at you!
The hobgoblin hits you but does no damage.
The goblin hits you but does no damage.
You are electrocuted!
You die...

...# ##### #..#
#.... #..# #.....
#..# #..=.. #..#
#.....##g.#
#.......))#
#......g♣g#####.
####...gg......
#.... ####..######
#.... #.........
#..... #.....###.#
#..... #.....# #.#
###
#.....######.<...#
#.# #..
...........>....#
#.# #.#
####....###.....#
#.# #.#


You could see Robin, 2 hobgoblins and 2 goblins.

Vanquished Creatures
  A gnoll (D:1)
  3 endoplasms
  7 goblins
  3 hobgoblins
  A kobold (D:2)
  2 ball pythons (D:1)
  4 bats
  2 frilled lizards
  2 rats (D:1)
25 creatures vanquished.

Notes
Turn   | Place    | Note
-------+----------+-------------------------------------------
     0 | D:1      | Ge0ff the Minotaur Warper began the quest for the Orb.
     0 | D:1      | Reached XP level 1. HP: 18/18 MP: 1/1
   285 | D:1      | Reached XP level 2. HP: 7/25 MP: 3/3
   931 | D:2      | Reached XP level 3. HP: 31/31 MP: 4/4
   966 | D:2      | Noticed Robin
   989 | D:2      | Slain by a goblin

Illustrated notes

Levels and vault maps discovered:
D:1:      psy_arrival_basics, layout_loops_cross, serial_glass, glass_columns_b,
          glass_columns_c
D:2:      layout_basic, uniq_robin

Skill      XL: |  1  2 |
---------------+-------+-----
Axes           | 3 |  3.9
Fighting       | 3 |  3.2
Throwing       | |  1.0
Armour         | |  1.2
Dodging        | |  2.1
Spellcasting   | |  1.3
Translocations | |  2.1

Action                     || total
---------------------------++-------
  Melee: Hand axe          ||    45
         Headbutt          ||     5
         Punch             ||     1
  Throw: Boomerang         ||     3
    Use: Scroll            ||     4
         Potion            ||     2
 Armour: Leather armour    ||    13
         Skin              ||    22
  Dodge: Dodged            ||    22

Table legend: (Time is in decaauts)
 A = Elapsed time spent in this place.
 B = Non-inter-level travel time spent in this place.
 C = Inter-level travel time spent in this place.
 D = Time resting spent in this place.
 E = Time spent auto-exploring this place.
 F = Levels seen in this place.
 G = Mean time per level.
                   A        B        C        D        E       F      G
               +--------+--------+--------+--------+--------+-----+--------+
         Total |    993 |    971 |     22 |    100 |    690 |   2 |  496.5 |
       Dungeon |    993 |    971 |     22 |    100 |    690 |   2 |  496.5 |
               +--------+--------+--------+--------+--------+-----+--------+

Top non-repeatable levels by time:
     D:1: 707 daAuts
     D:2: 286 daAuts
